 Dungeon Crawl Stone Soup version 0.26.1-2-gb8aa6d0cf2 (webtiles) character file.

Game seed: 14874700416603365063

23 Gadfly the Charlatan (level 2, -1/27 HPs)
             Began as a Troll Artificer on Feb 24, 2021.
             Succumbed to a gnoll's poison
             ... on level 1 of the Dungeon.
             The game lasted 00:01:03 (623 turns).

Gadfly the Charlatan (Troll Artificer)               Turns: 623, Time: 00:01:04

Health: -1/27      AC:  7    Str: 19    XL:     2   Next: 72%
Magic:  1/1        EV: 10    Int:  7    God:
Gold:   12         SH:  0    Dex: 10    Spells: 1/1 levels left

rFire    . . .     SeeInvis .   k - +2 dagger (flame)
rCold    . . .     Faith    .   (no shield)
rNeg     . . .     Spirit   .   b - +1 robe
rPois    .         Reflect  .   (helmet restricted)
rElec    .         Harm     .   (no cloak)
rCorr    .         Rampage  .   (gloves unavailable)
Will     .....                  (boots unavailable)
Stlth    +.........             (no amulet)
HPRegen  0.49/turn              (no ring)
MPRegen  0.07/turn              (no ring)

@: lethally poisoned (-1 -> -14)
A: large, unfitting armour, claws 3, regeneration 1, shaggy fur 1, tough skin 3
a: no special abilities


You were on level 1 of the Dungeon.
You visited 1 branch of the dungeon, and saw 2 of its levels.

You collected 12 gold pieces.

Inventory:

Hand Weapons
 a - a +0 club
 k - a +2 dagger of flaming (weapon)
Armour
 b - a +1 robe (worn)
Wands
 c - a wand of flame (15) (quivered)
 d - a wand of enslavement (15)
 e - a wand of random effects (15)
Scrolls
 f - a scroll of teleportation


   Skills:
 + Level 1.1 Fighting
 * Level 1.2 Maces & Flails
 * Level 1.1 Armour
 - Level 1.9 Dodging
 - Level 0.3 Stealth
 - Level 2.1 Evocations


You had one spell level left.
You didn't know any spells.
Your spell library was empty.

Dungeon Overview and Level Annotations

Branches:
Dungeon (2/15)

Altars:


Innate Abilities, Weirdness & Mutations

You are too large for most types of armour.
You have claws for hands.
Your natural rate of healing is unusually fast.
You are covered in fur. (AC +1)
You have extremely tough skin. (AC +3)


Message History

You hit the gnoll. You burn the gnoll.
The gnoll is severely wounded.
You feel sick. The gnoll misses you. The gnoll hits you but does no damage.
You are lethally poisoned!
You feel sick. The gnoll hits you but does no damage.
The gnoll hits you from afar with a +1 spear of venom.
* * * LOW HITPOINT WARNING * * *
You are more poisoned.
The gnoll hits you with a +0 whip.
* * * LOW HITPOINT WARNING * * *
* * * LOW HITPOINT WARNING * * *
You feel sick.
The gnoll hits you from afar with a +0 spear.
* * * LOW HITPOINT WARNING * * *
There is a stone staircase leading up here.
* * * LOW HITPOINT WARNING * * *
You feel very sick. The gnoll closely misses you.
You climb upwards.
You die...

##########.............#
#...........##########[#
#...........######## #.#
#...........##.....# #.#
#...........##.###.# #.#
#### #...†.......##.#
#.# #.# ...##
####..[....###.# #.###.#
##..######.#########.#
#.....#
..............=.@g...#
#######
###>######.#..##.#####
#..# #.#).##.# ##.##
#.#..##.# #..# #.#..##.#
##.## #.#..##.# #..#
#.#..##.# ##.###.#..##.#
#..##.#.....#


You could see a gnoll.

Vanquished Creatures
  A dart slug (D:1)
  2 hobgoblins (D:1)
  4 jackals (D:1)
  A bat (D:1)
  3 frilled lizards (D:1)
  4 goblins (D:1)
  3 kobolds (D:1)
  2 rats (D:1)
20 creatures vanquished.

Notes
Turn   | Place    | Note
-------+----------+-------------------------------------------
     0 | D:1      | Gadfly the Troll Artificer began the quest for the Orb.
     0 | D:1      | Reached XP level 1. HP: 18/18 MP: 0/0
    80 | D:1      | Reached skill level 1 in Fighting
    85 | D:1      | Reached XP level 2. HP: 11/27 MP: 1/1
   183 | D:1      | Reached skill level 1 in Maces & Flails
   368 | D:1      | Reached skill level 1 in Armour
   622 | D:2      | HP: 1/27 [poisoned by a gnoll]
   623 | D:1      | Succumbed to a gnoll's poison

Illustrated notes

Levels and vault maps discovered:
D:1:      lightli_arrival_lavapool, layout_basic
D:2:      layout_basic, yredelemnul_altar_generic

Skill      XL: |  1  2 |
---------------+-------+-----
Fighting       | 1 |  1.1
Maces & Flails | 1 |  1.2
Armour         | 1 |  1.1
Dodging        | |  1.9
Stealth        | |  0.3
Evocations     | |  2.1

Action                   || total
-------------------------++-------
Melee: Club              ||    46
       Dagger            ||    19
  Use: Scroll            ||     6
 Stab: Distracted        ||     1
Armor: Robe              ||    45
Dodge: Dodged            ||    62
